 Dungeon Crawl Stone Soup version 0.23.0 (webtiles) character file.

Game seed: 10445896148943708204

136 Borgoz the Cutter (level 5, -1/45 HPs)
             Began as a Ghoul Gladiator on Feb 17, 2019.
             Slain by a goblin (2 damage)
             ... led by Robin
             ... on level 3 of the Dungeon.
             The game lasted 00:04:43 (3205 turns).

Borgoz the Cutter (Ghoul Gladiator)                 Turns: 3205, Time: 00:04:43

Health: -1/45      AC:  4    Str: 18    XL:     5   Next: 19%
Magic:  4/4        EV: 13    Int:  3    God:
Gold:   51         SH:  0    Dex: 11    Spells: 4/4 levels left

rFire    . . .     SeeInvis .   a - +0 rapier
rCold    + . .     Gourm    .   (no shield)
rNeg     + + +     Faith    .   b - +0 leather armour
rPois    ∞         Spirit   .   c - +0 helmet
rElec    .         Reflect  .   (no cloak)
rCorr    .         Harm     .   (no gloves)
MR       .....                  (no boots)
Stlth    +.........             (no amulet)
HPRegen  0.00/turn              (no ring)
MPRegen  0.09/turn              (no ring)

@: flying, rotting, hasted, very quick
A: rotting body, claws 1, carnivore, cold resistance 1, negative energy
resistance 3, inhibited regeneration, torment resistance, unbreathing
a: no special abilities


You were on level 3 of the Dungeon.
You were not hungry.

You visited 1 branch of the dungeon, and saw 4 of its levels.

You collected 51 gold pieces.

Inventory:

Hand Weapons
 a - a +0 rapier (weapon)
Missiles
 d - 3 throwing nets (quivered)
 m - 9 poisoned needles
Armour
 b - a +0 leather armour (worn)
 c - a +0 helmet (worn)
 n - a cursed -1 robe
Jewellery
 k - an uncursed ring of protection from fire {unknown}
 r - a +4 ring of strength {unknown}
 x - a cursed ring of attention {unknown}
Wands
 g - a wand of paralysis (9)
Scrolls
 e - a scroll of random uselessness
 l - 6 scrolls of identify {unknown}
 o - 2 scrolls of teleportation {unknown}
 s - a scroll of magic mapping {unknown}
 u - a scroll of noise {unknown}
Potions
 h - a potion of brilliance
 i - a potion of ambrosia {unknown}
 t - a potion of lignification {unknown}
 v - a potion of curing {unknown}
Comestibles
 f - 4 rations
 w - a chunk of flesh


   Skills:
 + Level 3.1 Fighting
 * Level 3.7 Short Blades
 - Level 1.7 Throwing
 + Level 1.4 Armour
 * Level 3.7 Dodging


You had 4 spell levels left.
You didn't know any spells.
Your spell library was empty.

Dungeon Overview and Level Annotations

Branches:
Dungeon (4/15)
 Temple: D:4-7

Altars:
Dithmenos
Makhleb
Vehumet
Wu Jian

Annotations:
D:4 Robin


Innate Abilities, Weirdness & Mutations

Your body is rotting away.
You thrive on raw meat.
You are immune to poison.
You have sharp fingernails.
You are carnivorous and can eat meat at any time.
Your flesh is cold resistant. (rC+)
You are immune to negative energy. (rN+++)
You do not regenerate when monsters are visible.
You are immune to unholy pain and torment.
You can survive without breathing.


Message History

There is a stone staircase leading down here.
As you read the scroll labeled JIOL KUTUURIODEO, it crumbles to dust.
Your +0 rapier glows bright chartreuse for a moment.
It was a scroll of random uselessness.
The goblin barely misses you. The goblin hits you but does no damage.
The ogre completely misses you. The goblin hits you but does no damage.
As you read the scroll labeled SIPEGI RAFOM, it crumbles to dust.
The creatures around you are filled with an inner flame!
It was a scroll of immolation.
The goblin barely misses you. The goblin closely misses you.
The goblin barely misses you.
The ogre hits you with a +0 giant club!!
* * * LOW HITPOINT WARNING * * *
It was a potion of haste.
You feel yourself speed up. The goblin hits you but does no damage.
The goblin closely misses you. The goblin misses you.
The ogre closely misses you.
It was a potion of flight.
You feel very buoyant.
You fly up into the air.
The goblin misses you. The goblin hits you but does no damage.
The goblin hits you.
You die...

##.# ###..##..## ##.##.# ##.####
##.#####..###.# #[##.# #.....
#........# #.## ##....# #.####
########.## ##.###.##### ##'##
.....# #.# ##...## ##...## .###.#
#.# ###.## ##.....## .###.###.#
#..## ##.......#
.#.......########g..####.........
...............O@g....('.........
.#....###########g..####.........
.#.#.## #..## ##.......# .....#
#.## ##.....## ##.### ###.#
##...## #.# #...# ##'## ##.#
#.### #.# ...# #.# ########.#
#### #.# #........##


You could see an ogre (inner flame) and 3 goblins.

Vanquished Creatures
  An orc wizard (D:4)
  3 adders
  3 worms
  3 dart slugs
  5 leopard geckos
  3 orcs
  A ball python (D:3)
  3 giant cockroaches
  10 goblins
  5 hobgoblins
  4 jackals
  A quokka (D:4)
  4 bats
  2 frilled lizards (D:1)
  7 kobolds
  5 rats
60 creatures vanquished.

Notes
Turn   | Place    | Note
-------+----------+-------------------------------------------
     0 | D:1      | Borgoz the Ghoul Gladiator began the quest for the Orb.
     0 | D:1      | Reached XP level 1. HP: 17/17 MP: 0/0
   314 | D:1      | Reached XP level 2. HP: 18/24 MP: 1/1
   610 | D:1      | You fall through a shaft!
   751 | D:2      | Reached XP level 3. HP: 30/30 MP: 2/2
  1257 | D:2      | Reached skill level 1 in Armour
  1397 | D:2      | Found a burning altar of Makhleb.
  1414 | D:2      | Reached XP level 4. HP: 30/36 MP: 3/3
  1540 | D:2      | Found an ornate altar of the Wu Jian Council.
  2593 | D:3      | Reached XP level 5. HP: 43/45 MP: 4/4
  2702 | D:3      | Found a radiant altar of Vehumet.
  2976 | D:3      | Found a shadowy altar of Dithmenos.
  3031 | D:4      | Noticed Robin
  3038 | D:4      | Noticed an ogre
  3203 | D:3      | HP: 1/45 [ogre/+0 giant club (22)]
  3205 | D:3      | Slain by a goblin

Skill      XL: |  1  2  3  4 |
---------------+-------------+-----
Dodging        | 3 |  3.7
Short Blades   | 3 |  3.7
Armour         | 1 |  1.4
Fighting       | 3 |  3.1
Throwing       | |  1.7

Action                   |  1- 3 |  4- 6 || total
-------------------------+-------+-------++-------
Melee: Rapier            |   129 |   123 ||   252
  Use: Potion            |       |     3 ||     3
       Scroll            |       |     2 ||     2
  Eat: Chunk             |     2 |     9 ||    11
Armor: Leather armour    |    33 |    41 ||    74
Dodge: Dodged            |    81 |    90 ||   171
